 Dungeon Crawl Stone Soup version 0.17.0-73-gb648821 (webtiles) character file.

251274 Miyamura the Tortoise (level 20, -3/189 HPs)
             Began as a Formicid Fighter on Dec 8, 2015.
             Was a High Priest of Cheibriados.
             Killed by the raging water
             ... invoked by a water nymph
              (8 damage)
             ... on level 4 of the Shoals on Dec 9, 2015.
             The game lasted 02:35:45 (49511 turns).

Miyamura the Tortoise (Formicid Fighter)           Turns: 49511, Time: 02:35:46

Health: -3/189     AC: 35    Str: 42    XL:     20   Next: 93%
Magic:  10/33      EV: 28    Int: 30    God:    Cheibriados [*****.]
Gold:   803        SH: 27    Dex: 26    Spells: 4 memorised, 21 levels left

rFire  + . .     SeeInvis +     F - +9 long sword of Insomnia {slice, rN+ MR+}
rCold  + + .     Clarity  .     P - +2 plate armour {rC+}
rNeg   + . .     SustAt   .     X - +2 large shield {AC+3}
rPois  +         Gourm    .     (helmet unavailable)
rElec  +         Spirit   .     I - +0 cloak
rCorr  +         Warding  .     q - +2 pair of gloves of Disguise {Int+4 Stlth+}
rMut   .         Stasis   +     G - +0 pair of boots {Stlth+}
MR     +++..                    (no amulet)
Stlth  ..........               Q - ring of flight
                                n - ring of poison resistance

@: mighty, agile, resistant, engulfed (cannot breathe), flying (expiring), very
slow, extremely resistant to hostile enchantments, extremely unstealthy
A: permanent stasis, dig shafts and tunnels, four strong arms, antennae 3,
iridescent scales 1, rugged brown scales 1, robust 1
a: Dig, Shaft Self, Bend Time, Temporal Distortion, Slouch, Step From Time,
Renounce Religion
}: 1/15 runes: serpentine


You were on level 4 of the Shoals.
You worshipped Cheibriados.
Cheibriados was extremely pleased with you.
You were not hungry.

You visited 6 branches of the dungeon, and saw 36 of its levels.
You visited 1 bazaar.
You also visited: Bailey and Ice Cave.

You collected 3877 gold pieces.
You spent 3074 gold pieces at shops.

Inventory:

Hand Weapons
 a - the +8 dagger of Insufficient Pleasure {pain, rC- Str+7}
   (You found it on level 4 of the Dungeon)

   In the hands of one skilled in necromantic magic, it inflicts extra damage on
   living creatures.
   It affects your strength (+7).
   It makes you vulnerable to cold.
 f - a +4 triple sword of holy wrath
 j - the +7 great sword of the Peculiar Cities {slice, Dex+2}
   (You bought it in a shop in a bazaar)

   It inflicts extra damage upon your enemies.
   It affects your dexterity (+2).
 F - the +9 long sword of Insomnia (weapon) {slice, rN+ MR+}
   (You found it on level 14 of the Dungeon)

   It inflicts extra damage upon your enemies.
   It protects you from negative energy.
   It affects your resistance to hostile enchantments.
Missiles
 v - 11 throwing nets (quivered)
Armour
 q - the +2 pair of gloves of Disguise (worn) {Int+4 Stlth+}
   (You found it on level 8 of the Lair of Beasts)

   It affects your intelligence (+4).
   It makes you more stealthy.
 r - the +1 leather armour "Qefos" {-Cast rF+ rC+++ Str+4}
   (You found it in an ice cave)

   It affects your strength (+4).
   It protects you from fire.
   It renders you almost immune to cold.
   It prevents spellcasting.
 G - a +0 pair of boots of stealth (worn)
 I - a +0 cloak (worn)
 P - a +2 plate armour of cold resistance (worn)
 X - a +2 large shield of protection (worn)
Jewellery
 d - an uncursed ring of protection from cold
 g - an uncursed ring of protection from magic
 n - a ring of poison resistance (left hand)
 M - an uncursed ring of sustain attributes
 N - an uncursed ring of fire
 Q - a ring of flight (right hand)
 S - the amulet "Udiles" {Spirit MP+9 Int+2 Stlth+}
   (You found it on level 4 of the Shoals)

   [amulet of guardian spirit]

   It causes incoming damage to be split between your health and magic.
   It affects your intelligence (+2).
   It affects your magic capacity (+9).
   It makes you more stealthy.
Wands
 c - a wand of invisibility (1)
 m - a wand of polymorph (16)
 s - a wand of teleportation (0)
 w - a wand of teleportation (3)
 y - a wand of cold (7)
 z - a wand of polymorph (11)
 B - a wand of draining (4)
 H - a wand of cold (3)
 Y - a wand of fire (4)
 Z - a wand of digging (11)
Scrolls
 o - 8 scrolls of remove curse
 u - 6 scrolls of fog
 x - 6 scrolls of enchant armour
 J - 10 scrolls of recharging
 W - 6 scrolls of amnesia
Potions
 h - a potion of cancellation
 k - 5 potions of curing
 C - 5 potions of brilliance
 E - a potion of agility
 V - 2 potions of flight
Books
 i - a book of Transfigurations

   Spells                             Type                      Level
   a - Stoneskin                      Transmutation/Earth          2
   b - Irradiate                      Conjuration/Transmutation    5
   c - Statue Form                    Transmutation/Earth          6
   d - Hydra Form                     Transmutation                6
   e - Dragon Form                    Transmutation                7
Miscellaneous
 p - an ornate deck of summoning {the Illusion, drawn: 1}
Comestibles
 e - 17 bread rations
 A - 3 meat rations
 D - 11 royal jellies
 R - a chunk of flesh


   Skills:
 + Level 17.0 Fighting
 - Level 10.2(12.2) Short Blades
 + Level 11.2(12.7) Long Blades
   Level 4.3 Axes
 + Level 17.2 Armour
 + Level 13.4 Dodging
 - Level 15.3 Shields
 + Level 9.5 Spellcasting
 * Level 4.6 Charms
 * Level 4.6 Necromancy
 - Level 12.5 Invocations


You had 21 spell levels left.
You knew the following spells:

 Your Spells              Type           Power        Failure   Level  Hunger
b - Deflect Missiles      Chrm/Air       ####......   100%        6    #####..
c - Shroud of Golubria    Chrm/Tloc      ####......   10%         2    None
r - Regeneration          Chrm/Necr      #####.....   6%          3    None
s - Statue Form           Trmt/Erth      ##.......    100%        6    #####..


Dungeon Overview and Level Annotations

Branches:
Dungeon (15/15)            Temple (1/1) D:6            Lair (8/8) D:9
 Shoals (4/4) Lair:5        Snake (4/4) Lair:6        Slime (0/6) Lair:8
    Orc (4/4) D:12            Elf (0/3) Orc:3        Vaults (0/5) D:14
 Depths (0/5) D:15

Altars:
Ashenzari
Cheibriados
Dithmenos
Elyvilon
Fedhas
Gozag
Kikubaaqudgha
Makhleb
Nemelex Xobeh
Okawaru
Qazlal
Ru
Sif Muna
Trog
Vehumet
Xom
Yredelemnul
Zin
The Shining One

Shops:
D:7 ?   D:10 *   D:12 [   Orc:3 :   Orc:4 }?*%

Annotations:
Shoals:4 Ilsuiw


Innate Abilities, Weirdness & Mutations

You are under a permanent stasis effect.
You can dig through walls and to a lower floor.
Your four strong arms can wield two-handed weapons with a shield.
You have a pair of large antennae on your head (SInv).
You are partially covered in iridescent scales (AC +4).
You are partially covered in rugged brown scales (AC +1, +3% HP).
You are robust (+10% HP).


Message History

* * * LOW HITPOINT WARNING * * *
You block the merfolk's attack. The water elemental hits you!
* * * LOW HITPOINT WARNING * * *
The water elemental engulfs you in water!
Unknown command.
Drink which item? (? for menu, Esc to quit)
You feel better.
* * * LOW HITPOINT WARNING * * *
Your lungs strain for air!
You block the frost giant's attack. You block the merfolk's attack.
The merfolk hits you but does no damage.
The sea snake completely misses you. The water elemental barely misses you.
The water nymph points at you and mumbles some strange words.
The water rises up and strikes you!
* * * LOW HITPOINT WARNING * * *
Ilsuiw gestures wildly while chanting.
You block the merfolk's attack.
The water nymph gestures at you while chanting.
The water rises up and strikes you!
You die...

..≈.)m).......≈≈≈≈≈≈≈##≈≈≈##.....
...(.....≈≈.C..≈≈≈≈≈≈≈≈≈≈........
.)((.....≈≈....≈≈≈≈≈≈≈≈≈≈........
)).)...≈.≈≈....≈m≈≈≈≈≈≈≈≈........
))))≈..≈≈≈≈.(..≈≈≈≈≈≈≈≈≈≈.......#
)≈≈≈≈..≈≈≈≈≈...≈m≈E≈≈≈≈≈≈.......#
≈≈≈≈≈#...≈≈≈≈..mmmm≈≈≈≈≈≈.......≈
≈≈≈≈...≈≈.....EECS.≈≈≈≈≈≈≈......≈
≈≈≈≈≈≈≈≈......#.@E≈≈≈≈≈≈≈≈......≈
≈≈≈≈..≈≈≈.≈≈.###≈≈≈≈≈≈≈≈≈≈......≈
≈≈≈≈≈≈≈≈≈≈P≈.#*#≈≈≈≈≈≈≈≈≈≈≈....)≈
≈≈≈≈≈≈≈≈≈≈≈P≈P,[≈≈≈≈≈≈≈≈≈≈(≈....†
≈≈≈≈≈≈≈≈≈≈≈,,≈≈≈≈≈≈≈≈≈≈≈≈≈≈≈≈≈...
,,≈≈≈≈≈≈≈≈≈≈,,<≈≈≈≈≈≈≈≈####(#≈≈≈≈
,,,≈≈≈≈≈≈≈≈≈≈≈P≈≈≈≈≈≈≈##* ###(≈≈.
,,,≈≈≈≈≈≈≈≈≈≈≈≈≈≈≈≈≈##≈≈***≈###≈.
,,≈≈≈≈≈≈≈≈≈≈≈≈≈≈≈≈≈≈≈*≈≈≈≈≈≈≈*#..


You could see Ilsuiw, a frost giant, a sea snake, 3 merfolk, 2 water nymphs, a
cyclops and 4 water elementals.

Vanquished Creatures
  Rupert (Lair:7)
  An Ice Fiend (IceCv)
  11 greater nagas
  An orc warlord (Bailey)
  A fire giant (D:15)
  Aizul (Shoals:1)
  Louise (D:15)
  A frost giant (Shoals:4)
  The ghost of Uberwunderbarhen the Nimble, a journeyman OpFi of Makhleb (Lair:8)
  A stone giant (D:14)
  A salamander stormcaller (D:15)
  8 merfolk javelineers
  Snorg (D:12)
  An ettin (D:14)
  15 merfolk impalers
  2 rakshasas (D:14)
  11 naga warriors
  10 hydras
  4 merfolk avatars
  5 catoblepae
  13 anacondas
  An alligator snapping turtle (D:15)
  Erica (D:9)
  3 merfolk aquamancers
  3 centaur warriors
  20 death yaks
  5 ogre magi
  A deep troll earth mage (D:14)
  A tengu warrior (D:14)
  10 naga sharpshooters
  7 shock serpents
  Sonja (D:15)
  A fire crab (shapeshifter) (D:13)
  A hell knight (D:14)
  2 unseen horrors
  5 salamander mystics
  5 skeletal warriors
  5 ice devils (IceCv)
  4 sea snakes
  12 naga ritualists
  A wolf spider (D:15)
  8 orc knights
  4 fauns
  10 hill giants
  11 ugly things
  2 wolf spider zombies (D:15)
  9 harpies (Shoals:4)
  16 mana vipers
  7 cyclopes
  An oklob plant (Lair:5)
  3 water nymphs
  10 griffons
  30 elephants
  6 manticores
  A salamander (Snake:3)
  An orc sorcerer (Orc:4)
  9 guardian serpents (Snake:4)
  A black mamba (shapeshifter) (D:10)
  5 sirens
  3 ice statues (IceCv)
  Psyche (D:8)
  A torpor snail (Lair:6)
  48 black mambas
  20 naga magi
  10 spiny frogs
  5 centaur skeletons
  A redback zombie (D:14)
  A kobold demonologist (D:13)
  A queen bee (Lair:3)
  16 komodo dragons
  2 anaconda simulacra (IceCv)
  34 merfolk
  A golden dragon simulacrum (IceCv)
  3 blue devils (IceCv)
  6 trolls
  3 polar bears
  3 wind drakes (Shoals:4)
  A hornet zombie (D:15)
  14 blink frogs
  Edmund (D:6)
  17 two-headed ogres
  2 boulder beetles
  2 centaur simulacra (D:14)
  7 slime creatures
  2 deep elf magi (D:14)
  2 shadows (D:14)
  5 snapping turtles
  2 trapdoor spiders
  A redback (D:14)
  7 water elementals
  A wraith (D:15)
  6 basilisks
  77 yaks
  22 wolves
  3 harpy simulacra (IceCv)
  3 soldier ants
  A steam dragon (D:12)
  11 wargs
  14 hippogriffs
  4 vampire mosquitoes (D:14)
  8 wyverns
  5 hungry ghosts
  An iron troll simulacrum (IceCv)
  A mottled dragon (D:13)
  55 nagas
  15 porcupines
  Duvessa (D:6)
  A wasp (D:7)
  A hydra simulacrum (IceCv)
  41 orc warriors
  3 sky beasts
  A phantom (D:7)
  2 black bears
  A boggart (D:14)
  32 ogres
  23 crocodiles
  4 ice beasts
  20 water moccasins
  2 ettin simulacra (IceCv)
  The ghost of emiel the Sneak, an amateur FoAs (Bailey)
  An eye of draining (D:13)
  4 big kobolds
  26 giant frogs
  Blork the orc (Orc:1)
  14 centaurs
  A big kobold (shapeshifter) (D:15)
  Dowan (D:6)
  14 wights
  23 killer bees
  2 scorpions
  A quasit (D:12)
  3 electric eels
  3 centaur zombies
  10 crimson imps
  A giant frog zombie (D:7)
  37 orc priests
  4 giant frog skeletons
  6 hounds
  24 jellies
  34 orc wizards
  14 iguanas
  13 worker ants
  5 hell rats (Lair:8)
  25 sheep
  2 hound zombies (D:8)
  3 hound skeletons
  2 worker ant zombies
  Robin (D:3)
  16 gnolls
  36 river rats
  4 shadow imps
  16 adders
  12 white imps (Shoals:2)
  13 oozes
  An adder skeleton (D:8)
  3 worms
  5 giant geckos
  233 orcs
  5 bats
  9 giant cockroaches
  14 hobgoblins
  10 jackals (D:2)
  7 quokkas
  3 ball pythons
  A giant gecko skeleton (D:4)
  A giant gecko zombie (D:5)
  4 giant newts
  21 goblins
  A jackal skeleton (D:4)
  24 kobolds
  A quokka skeleton (D:4)
  9 rats
  A bush (Lair:5)
  2 plants (Lair:8)
1623 creatures vanquished.

Vanquished Creatures (collateral kills)
  A giant frog (D:6)
1 creature vanquished.

Vanquished Creatures (others)
  A salamander stormcaller (D:13)
  A siren (Shoals:1)
  A naga mage (Snake:3)
  A wind drake (Shoals:1)
  A wolf (Lair:8)
  A naga (Snake:2)
  An orc priest (D:13)
  A hound (D:9)
  8 bushes
  48 fungi
  58 plants
122 creatures vanquished.

Grand Total: 1746 creatures vanquished

Notes
Turn   | Place    | Note
--------------------------------------------------------------
     0 | D:1      | Miyamura the Formicid Fighter began the quest for the Orb.
     0 | D:1      | Reached XP level 1. HP: 18/18 MP: 1/1
    93 | D:1      | Reached XP level 2. HP: 24/24 MP: 2/2
   462 | D:1      | Found a snail-covered altar of Cheibriados.
   491 | D:1      | Became a worshipper of Cheibriados the Contemplative
   560 | D:2      | Reached skill level 4 in Shields
   560 | D:2      | Reached XP level 3. HP: 21/29 MP: 3/3
   779 | D:2      | Reached skill level 1 in Dodging
   961 | D:2      | Reached * piety under Cheibriados
   969 | D:2      | Reached XP level 4. HP: 32/37 MP: 4/4
  1361 | D:3      | Noticed Robin
  1485 | D:3      | Killed Robin
  1504 | D:3      | Reached XP level 5. HP: 42/42 MP: 5/5
  1505 | D:3      | Reached ** piety under Cheibriados
  2462 | D:4      | Reached XP level 6. HP: 46/48 MP: 6/6
  2749 | D:4      | Reached *** piety under Cheibriados
  2922 | D:4      | Reached skill level 5 in Shields
  3117 | D:4      | Reached skill level 1 in Invocations
  3362 | D:4      | Reached XP level 7. HP: 52/55 MP: 6/8
  3406 | D:4      | Reached skill level 5 in Armour
  3530 | D:4      | Noticed an ogre
  3787 | D:4      | Killed an ogre
  3787 | D:4      | Reached skill level 5 in Fighting
  4252 | D:5      | Entered Level 5 of the Dungeon
  4893 | D:5      | Reached **** piety under Cheibriados
  4899 | D:5      | Reached XP level 8. HP: 60/62 MP: 8/10
  5250 | D:6      | Noticed Duvessa
  5250 | D:6      | Noticed Edmund
  5251 | D:6      | Noticed Dowan
  5258 | D:6      | Killed Duvessa
  5260 | D:6      | Killed Dowan
  5260 | D:6      | Reached skill level 6 in Shields
  5282 | D:6      | Killed Edmund
  5520 | D:4      | Got an ancient dagger
  5521 | D:4      | Identified the +8 dagger of Insufficient Pleasure {pain, rC- Str+7} (You found it on level 4 of the Dungeon)
  5609 | D:6      | Found a staircase to the Ecumenical Temple.
  5618 | Temple   | Entered the Ecumenical Temple
  5725 | D:6      | Noticed a slime creature
  5945 | D:6      | You fall through a shaft for 3 floors!
  5945 | D:9      | Found a sparkling altar of Nemelex Xobeh.
  6491 | D:7      | Reached skill level 1 in Short Blades
  6491 | D:7      | Reached XP level 9. HP: 60/69 MP: 12/12
  6660 | D:7      | Reached ***** piety under Cheibriados
  6723 | D:7      | Found Iggosya's Magic Scroll Shop.
  6735 | D:7      | Bought a scroll of recharging for 104 gold pieces
  6735 | D:7      | Bought a scroll of identify for 22 gold pieces
  6735 | D:7      | Bought a scroll of identify for 22 gold pieces
  6735 | D:7      | Bought a scroll of fear for 38 gold pieces
  6787 | D:7      | Reached skill level 7 in Shields
  6903 | D:7      | Reached skill level 5 in Invocations
  6961 | D:7      | Learned a level 3 spell: Regeneration
  7898 | D:6      | Killed a slime creature
  8374 | D:6      | Found a snail-covered altar of Cheibriados.
  8591 | D:7      | Reached XP level 10. HP: 79/79 MP: 14/14
  8668 | D:8      | Noticed Psyche
  8954 | D:8      | Killed Psyche
  8954 | D:8      | Reached skill level 8 in Shields
 10031 | D:8      | Gained mutation: You occasionally shout uncontrollably at your foes. [potion of mutation]
 10031 | D:8      | Gained mutation: You expend magic power (3 MP) to strengthen your wands. [potion of mutation]
 10032 | D:8      | Lost mutation: You occasionally shout uncontrollably at your foes. [potion of cure mutation]
 10032 | D:8      | Lost mutation: You expend magic power (3 MP) to strengthen your wands. [potion of cure mutation]
 10033 | D:8      | Gained mutation: You are clumsy. (Dex -2) [potion of mutation]
 10033 | D:8      | Gained mutation: You are frail (-10% HP). [potion of mutation]
 10033 | D:8      | Gained mutation: You expend magic power (3 MP) to strengthen your wands. [potion of mutation]
 10034 | D:8      | Lost mutation: You are frail (-10% HP). [potion of cure mutation]
 10034 | D:8      | Lost mutation: You are clumsy. (Dex -2) [potion of cure mutation]
 10034 | D:8      | Lost mutation: You expend magic power (3 MP) to strengthen your wands. [potion of cure mutation]
 10063 | D:9      | Found a staircase to the Lair.
 10125 | D:9      | Noticed Erica
 10149 | D:9      | Killed Erica
 10149 | D:9      | Reached skill level 5 in Short Blades
 10606 | D:9      | Reached XP level 11. HP: 87/87 MP: 16/16
 10670 | Lair:1   | Entered Level 1 of the Lair of Beasts
 10719 | D:9      | Reached skill level 9 in Shields
 10997 | Lair:1   | Noticed a four-headed hydra
 11017 | Lair:1   | Killed a four-headed hydra
 11840 | Lair:2   | Noticed a seven-headed hydra
 12522 | Lair:2   | Killed a seven-headed hydra
 13485 | Lair:3   | Reached skill level 10 in Shields
 13492 | Lair:3   | Reached XP level 12. HP: 93/97 MP: 18/18
 13769 | Lair:3   | Reached skill level 10 in Armour
 14062 | Lair:3   | Reached skill level 10 in Fighting
 14850 | Lair:4   | Noticed a six-headed hydra
 14863 | Lair:4   | Killed a six-headed hydra
 15281 | Lair:4   | Reached skill level 11 in Shields
 15281 | Lair:4   | Reached skill level 10 in Invocations
 15652 | Lair:4   | Learned a level 3 spell: Regeneration
 15711 | Lair:4   | Reached XP level 13. HP: 101/105 MP: 20/20
 16181 | Lair:4   | Noticed a five-headed hydra
 16198 | Lair:4   | Killed a five-headed hydra
 17713 | Lair:5   | Found a staircase to the Shoals.
 17742 | Lair:5   | Reached ****** piety under Cheibriados
 17742 | Lair:5   | Reached skill level 1 in Spellcasting
 18431 | Lair:6   | Found a staircase to the Snake Pit.
 18795 | Lair:6   | Reached XP level 14. HP: 78/114 MP: 22/22
 19213 | Lair:6   | Reached skill level 12 in Armour
 20640 | Lair:7   | Reached skill level 10 in Short Blades
 20846 | Lair:7   | Noticed Rupert
 21219 | D:10     | Entered Level 10 of the Dungeon
 21497 | D:10     | Found Exteg's General Store.
 21500 | D:10     | Bought a scroll of identify for 30 gold pieces
 21542 | D:10     | Found a bloodstained altar of Trog.
 22214 | D:10     | Reached skill level 5 in Spellcasting
 22718 | D:11     | Gained mutation: You are clumsy. (Dex -2) [mutagenic meat]
 22719 | D:11     | Gained mutation: You are frail (-10% HP). [mutagenic meat]
 22720 | D:11     | Gained mutation: You regenerate slowly when monsters are visible. [mutagenic meat]
 22721 | D:11     | Lost mutation: You are clumsy. (Dex -2) [potion of cure mutation]
 22721 | D:11     | Lost mutation: You are frail (-10% HP). [potion of cure mutation]
 22721 | D:11     | Lost mutation: You regenerate slowly when monsters are visible. [potion of cure mutation]
 23225 | D:11     | Reached XP level 15. HP: 122/122 MP: 24/24
 23370 | D:11     | Reached skill level 13 in Armour
 23657 | D:12     | Found a staircase to the Orcish Mines.
 24162 | D:12     | Found Gotoicue's Armour Emporium.
 24166 | D:12     | Bought a +2 plate armour of cold resistance for 560 gold pieces
 24773 | D:12     | Found a white marble altar of Elyvilon.
 24794 | D:12     | Noticed Snorg
 24817 | D:12     | Killed Snorg
 25166 | Orc:1    | Entered Level 1 of the Orcish Mines
 25166 | Orc:1    | Noticed Blork the orc
 26128 | Orc:1    | Killed Blork the orc
 26770 | Orc:2    | Found a flagged portal.
 26961 | Bailey   | Entered a bailey
 27005 | Bailey   | Noticed an orc warlord
 27030 | Bailey   | Noticed emiel's ghost (amateur FoAs)
 27040 | Bailey   | Killed emiel's ghost
 27062 | Bailey   | Reached skill level 1 in Long Blades
 27204 | Bailey   | Found a runed gate.
 27205 | Bailey   | Found a runed gate.
 27207 | Bailey   | Found a runed gate.
 27318 | Bailey   | Killed an orc warlord
 27342 | Bailey   | Gained mutation: You are partially covered in rugged brown scales (AC +1, +3% HP). [potion of beneficial mutation]
 27350 | Bailey   | Gained mutation: You are partially covered in iridescent scales (AC +4). [potion of beneficial mutation]
 27659 | Orc:2    | Reached skill level 5 in Dodging
 28430 | Orc:3    | Found Wuilubbo's Book Emporium.
 28433 | Orc:3    | Found a staircase to the Elven Halls.
 29283 | Orc:4    | Entered Level 4 of the Orcish Mines
 29420 | Orc:4    | Found Bemoskec's Food Shop.
 29420 | Orc:4    | Found Izee's Magic Scroll Emporium.
 29425 | Orc:4    | Found Fast's Assorted Antiques.
 29425 | Orc:4    | Found Joahunec's Gadget Boutique.
 29946 | Orc:4    | Bought a worn wooden wand for 112 gold pieces
 30445 | Orc:4    | Bought a scroll of enchant weapon for 97 gold pieces
 30445 | Orc:4    | Bought a scroll of magic mapping for 45 gold pieces
 30445 | Orc:4    | Bought a scroll of acquirement for 676 gold pieces
 30657 | D:13     | Reached XP level 16. HP: 113/135 MP: 27/27
 31336 | D:13     | Reached skill level 14 in Armour
 31891 | D:13     | Found a blossoming altar of Fedhas.
 32629 | D:14     | Found a gate to the Vaults.
 33473 | D:14     | Reached skill level 5 in Long Blades
 33536 | D:14     | Got an encrusted long sword
 33537 | D:14     | Identified the +9 long sword of Insomnia {slice, rN+ MR+} (You found it on level 14 of the Dungeon)
 33737 | D:15     | Entered Level 15 of the Dungeon
 33820 | D:15     | Noticed Sonja
 33840 | D:15     | Noticed Louise
 33861 | D:15     | Killed Louise
 33874 | D:15     | Gained mutation: Scrolls take you a little longer to read. [potion of mutation]
 33874 | D:15     | Gained mutation: You are robust (+10% HP). [potion of mutation]
 33907 | D:15     | Killed Sonja
 34029 | D:15     | Found a staircase to the Depths.
 34423 | D:15     | Identified Sif Muna's Papyrus of Aid (You found it on level 15 of the Dungeon)
 34650 | D:14     | Learned a level 6 spell: Deflect Missiles
 34653 | D:14     | Learned a level 2 spell: Shroud of Golubria
 34870 | D:15     | Reached XP level 17. HP: 154/158 MP: 28/28
 35007 | D:15     | Found a shadowy altar of Dithmenos.
 35130 | D:15     | Got a topaz-encrusted scale mail
 35141 | D:15     | Identified the cursed +0 scale mail "Himilo" {rC+ Str+3 Stlth+} (You found it on level 15 of the Dungeon)
 36191 | Lair:7   | Killed Rupert
 36518 | Lair:8   | Entered Level 8 of the Lair of Beasts
 36642 | Lair:8   | Reached skill level 10 in Dodging
 36648 | Lair:8   | Reached skill level 15 in Armour
 36748 | Lair:8   | Noticed Uberwunderbarhen's ghost (journeyman OpFi)
 36786 | Lair:8   | Killed Uberwunderbarhen's ghost
 36812 | Lair:8   | Found a staircase to the Slime Pits.
 37212 | Lair:8   | Reached skill level 15 in Fighting
 37470 | Lair:8   | Got a pair of smoking gloves
 37481 | Lair:8   | Identified the +2 pair of gloves of Disguise {Int+4 Stlth+} (You found it on level 8 of the Lair of Beasts)
 37483 | Lair:8   | Got a slimy halberd
 37484 | Lair:8   | Identified the +2 halberd "Spider's Peril" {distort, rElec rPois MR- Str-5} (You found it on level 8 of the Lair of Beasts)
 37496 | Lair:8   | Gained mutation: Armour fits poorly on your strangely shaped body. [mutagenic glow]
 38103 | Snake:1  | Entered Level 1 of the Snake Pit
 38117 | Snake:1  | Reached XP level 18. HP: 164/168 MP: 29/29
 38159 | Snake:1  | Identified Ongek's Handbook of Air and Confrontation
 38670 | Snake:1  | Got an iridescent long sword
 38673 | Snake:1  | Identified the +1 long sword "Dragon's Death Toll" {freeze, +Inv} (You found it on level 1 of the Snake Pit)
 41042 | Snake:4  | Entered Level 4 of the Snake Pit
 41525 | Snake:4  | Reached skill level 16 in Armour
 41978 | Snake:4  | Reached skill level 15 in Shields
 41990 | Snake:4  | Reached XP level 19. HP: 90/177 MP: 24/30
 43746 | Snake:4  | Reached skill level 10 in Long Blades
 44318 | Snake:4  | Got a serpentine rune of Zot
 45466 | Lair:1   | Upgraded the game from 0.17.0-57-g0e89251 to 0.17.0-73-gb648821
 45559 | Shoals:1 | Entered Level 1 of the Shoals
 45611 | Shoals:1 | Gained mutation: You evolve. [potion of beneficial mutation]
 45616 | Shoals:1 | Noticed Aizul
 45618 | Shoals:1 | Drew Focus: Str increased to 24, Dex decreased to 9
 45631 | Shoals:1 | Killed Aizul
 45638 | Shoals:1 | Found a flickering gateway to a bazaar.
 45650 | Bazaar   | Entered a bazaar
 45650 | Bazaar   | Found Foagut's Antique Weapon Shoppe.
 45650 | Bazaar   | Found Pynytzaf's Book Shoppe.
 45651 | Bazaar   | Found Pagi's Weapon Emporium.
 45651 | Bazaar   | Found Ygafutz's Magic Scroll Emporium.
 45671 | Bazaar   | Bought a scroll of identify for 24 gold pieces
 45671 | Bazaar   | Bought a scroll of enchant armour for 90 gold pieces
 45687 | Bazaar   | Bought a slimy long sword for 229 gold pieces
 45687 | Bazaar   | Bought a blackened great sword for 310 gold pieces
 45688 | Bazaar   | Identified the +7 great sword of the Peculiar Cities {slice, Dex+2} (You bought it in a shop in a bazaar)
 45689 | Bazaar   | Identified the cursed +3 long sword of the Dark Horse {flame, MR- Str+7 Dex+4} (You bought it in a shop in a bazaar)
 45719 | Bazaar   | Bought a book of Transfigurations for 715 gold pieces
 45729 | Bazaar   | Learned a level 6 spell: Statue Form
 46215 | Shoals:1 | Reached XP level 20. HP: 131/187 MP: 32/32
 46527 | Shoals:2 | Found a frozen archway.
 46543 | IceCv    | Entered an ice cave
 46683 | IceCv    | Reached skill level 1 in Charms
 46710 | IceCv    | Reached skill level 1 in Necromancy
 46810 | IceCv    | Reached skill level 17 in Armour
 46821 | IceCv    | Got a warped leather armour
 46832 | IceCv    | Identified the +1 leather armour "Qefos" {-Cast rF+ rC+++ Str+4} (You found it in an ice cave)
 47708 | Shoals:2 | Gained mutation: You expend magic power (3 MP) to strengthen your wands. [evolution]
 47711 | Shoals:2 | Lost mutation: Scrolls take you a little longer to read. [potion of cure mutation]
 47711 | Shoals:2 | Lost mutation: Armour fits poorly on your strangely shaped body. [potion of cure mutation]
 47711 | Shoals:2 | Lost mutation: You expend magic power (3 MP) to strengthen your wands. [potion of cure mutation]
 47711 | Shoals:2 | Lost mutation: You evolve. [potion of cure mutation]
 48844 | Shoals:4 | Entered Level 4 of the Shoals
 49342 | Shoals:4 | Got a flickering pewter amulet
 49345 | Shoals:4 | Identified the amulet "Udiles" {Spirit MP+9 Int+2 Stlth+} (You found it on level 4 of the Shoals)
 49452 | Shoals:4 | Noticed Ilsuiw
 49511 | Shoals:4 | HP: 5/189 [water nymph/the raging water (11)]
 49511 | Shoals:4 | Killed from afar by a water nymph

Action                   |  1- 3 |  4- 6 |  7- 9 | 10-12 | 13-15 | 16-18 | 19-21 || total
-------------------------+-------+-------+-------+-------+-------+-------+-------++-------
Melee: War axe           |    93 |   183 |   147 |    16 |    79 |       |       ||   518
       Dagger            |       |       |   288 |   953 |  1831 |       |    12 ||  3084
       Unarmed           |       |       |       |     2 |       |       |       ||     2
       Demon blade       |       |       |       |       |   633 |   564 |       ||  1197
       Long sword        |       |       |       |       |       |  1488 |  1317 ||  2805
 Cast: Regeneration      |       |       |       |       |       |       |    46 ||    46
Invok: Temporal Distorti |       |       |     2 |     2 |       |     4 |       ||     8
       Bend Time         |       |       |     2 |     4 |     9 |     2 |     6 ||    23
       Step From Time    |       |       |     1 |     2 |     1 |     1 |     1 ||     6
       Slouch            |       |       |       |     7 |    17 |    11 |    14 ||    49
 Abil: Dig               |     1 |     2 |     5 |     6 |    10 |     7 |     3 ||    34
       Shaft Self        |       |       |     1 |       |       |       |       ||     1
       Evoke Flight      |       |       |       |       |       |       |    15 ||    15
Evoke: Wand              |       |       |     1 |     2 |     1 |     1 |    10 ||    15
       Deck              |       |       |       |       |       |       |     1 ||     1
  Use: Scroll            |     5 |     4 |    10 |     9 |    13 |     6 |    15 ||    62
       Potion            |       |       |       |     9 |    14 |     3 |    23 ||    49
 Stab: Distracted        |       |       |       |       |     1 |       |     1 ||     2
       Invisible         |       |       |       |       |     8 |    11 |       ||    19
       Sleeping          |       |       |       |       |       |       |     1 ||     1
  Eat: Chunk             |     1 |     4 |     1 |    15 |    33 |    19 |     9 ||    82
       Meat ration       |       |       |     2 |       |     1 |     1 |     2 ||     6
       Beef jerky        |       |       |     1 |       |       |     1 |       ||     2
       Pizza             |       |       |       |     1 |     5 |     2 |       ||     8
       Royal jelly       |       |       |       |       |       |       |     1 ||     1
